 Dungeon Crawl Stone Soup version 0.30.1-9-gdf580d7c3d (webtiles) character file.

Game seed: 4089641154429876711

43000 OrthodoxDeviant the Stormcaller (level 14, 0/78 HPs)
             Began as a Tengu Air Elementalist on Oct 9, 2023.
             Was an Elder of Vehumet.
             Killed from afar by a fire dragon (44 damage)
             ... with a blast of flame
             ... on level 5 of the Lair of Beasts on Oct 10, 2023.
             The game lasted 01:25:29 (28361 turns).

OrthodoxDeviant the Stormcaller (TeAE)             Turns: 28361, Time: 01:25:29

Health: 0/78       AC: 12    Str:  9    XL:     14   Next: 22%
Magic:  2/38       EV: 21    Int: 21    God:    Vehumet [****..]
Gold:   1227       SH: 11    Dex: 17    Spells: 7/33 levels left

rFire   . . .        M - staff of air
rCold   + . .        s - +0 buckler
rNeg    . . .        q - +2 leather armour "Cucuyk" {rC+ Dex+3}
rPois   .            v - +1 hat
rElec   +            a - +1 cloak
rCorr   .            C - +2 pair of gloves {Stlth+}
SInv    .            (boots unavailable)
Will    +....        u - amulet of reflection
Stlth   +++          x - +5 ring of evasion
HPRegen 0.33/turn    d - ring of magical power
MPRegen 0.26/turn

%: reflection
@: flying quickly and evasively, studying 2 skills, quick
A: beak, talons 3, nimble flight
a: Renounce Religion


You were on level 5 of the Lair of Beasts.
You worshipped Vehumet.
Vehumet was greatly pleased with you.
You visited 4 branches of the dungeon, and saw 17 of its levels.
You also visited: Gauntlet.

You collected 2104 gold pieces.
You spent 877 gold pieces at shops.

Inventory:

Hand Weapons
 D - a +2 short sword of protection
 J - a +1 short sword of holy wrath
Missiles
 T - a throwing net
Armour
 a - a +1 cloak (worn)
 e - +0 swamp dragon scales
 q - the +2 leather armour "Cucuyk" (worn) {rC+ Dex+3}
   (You bought it in a shop on level 1 of the Dungeon)

   Dex:       It affects your dexterity (+3).
   rC:        It protects you from cold.
 r - a scarf of shadows
 s - a +0 buckler (worn)
 v - a +1 hat (worn)
 C - a +2 pair of gloves of stealth (worn)
Magical Staves
 g - a staff of conjuration
 M - a staff of air (weapon)
Jewellery
 d - a ring of magical power (right hand)
 f - a ring of ice
 l - the ring "Xebrik" {Drain rN+ Str+3 Dex+6}
   (You found it in a Gauntlet)

   [ring of dexterity]

   Str:       It affects your strength (+3).
   Dex:       It affects your dexterity (+6).
   rN:        It protects you from negative energy.
   Drain:     It drains your maximum health when unequipped.
 u - an amulet of reflection (around neck)
 x - a +5 ring of evasion (left hand)
 G - a ring of magical power
 I - a ring of fire
 P - an amulet of regeneration
 Q - a ring of willpower
 V - a +6 ring of dexterity
 Z - a ring of protection from fire
Wands
 B - a wand of polymorph (10)
 K - a wand of paralysis (8)
 L - a wand of acid (26)
 N - a wand of roots (14)
 R - a wand of flame (28)
Scrolls
 i - 2 scrolls of silence
 k - 9 scrolls of teleportation
 w - 3 scrolls of fog
 y - 2 scrolls of amnesia
 A - 4 scrolls of enchant armour
 E - 3 scrolls of magic mapping
 H - a scroll of blinking
 W - a scroll of noise {unknown}
 X - a scroll of brand weapon {unknown}
 Y - a scroll of identify
Potions
 b - 3 potions of magic
 c - 2 potions of degeneration {unknown}
 h - 5 potions of berserk rage
 j - 6 potions of heal wounds
 m - 3 potions of haste
 n - 4 potions of brilliance {unknown}
 o - 7 potions of curing
 p - 3 potions of cancellation {unknown}
 t - 6 potions of invisibility
 z - 3 potions of might {unknown}
 F - 2 potions of lignification {unknown}
 S - 2 potions of resistance {unknown}
 U - a potion of mutation {unknown}
Miscellaneous
 O - a lightning rod (4/4)


   Skills:
 - Level 5.0 Fighting
 - Level 5.0 Armour
 - Level 5.0 Dodging
 - Level 2.0 Stealth
 - Level 5.0 Shields
 - Level 10.0 Spellcasting
 - Level 12.9 Conjurations
 * Level 8.6 Fire Magic
 + Level 19.9 Air Magic


You had 7 spell levels left.
You knew the following spells:

 Your Spells              Type           Power      Damage    Failure   Level
a - Shock                 Conj/Air       100%       1d9       0%          1
b - Static Discharge      Conj/Air       100%       2-7/arc   0%          2
c - Swiftness             Air            96%        N/A       0%          3
d - Airstrike             Air            48%        2d(7-23)  1%          4
e - Arcjolt               Conj/Air       43%        1d53      1%          5
f - Plasma Beam           Fire/Air       40%        2x1d59    1%          6
g - Fireball              Conj/Fire      26%        3d12      1%          5

Your spell library contained the following spells:

 Spells                   Type           Power      Damage    Failure   Level
 Cigotuvi's Dreadful Rot  Necr/Pois/Air  100%       N/A       1%          2
 Vhi's Electric Charge    Tloc/Air       100%       N/A       1%          3
 Volatile Blastmotes      Fire/Tloc      56%        2d14      1%          3
 Fulminant Prism          Conj/Hex       18%        3d10      2%          4
 Iskenderun's Mystic Bla  Conj/Tloc      37%        2d9       2%          4
 Ensorcelled Hibernation  Hex/Ice        20%        N/A       19%         2
 Lesser Beckoning         Tloc           20%        N/A       19%         2
 Passwall                 Tmut/Erth      8%         N/A       19%         2
 Gell's Gravitas          Tloc           10%        N/A       36%         3
 Teleport Other           Tloc           10%        N/A       36%         3
 Lee's Rapid Deconstruct  Erth           5%         3d6*      61%         5
 Cause Fear               Hex            5%         N/A       77%         4
 Dispel Undead            Necr           10%        3d9       77%         4
 Manifold Assault         Tloc           10%        N/A       77%         4
 Death Channel            Necr           5%         N/A       100%        6
 Dispersal                Tloc           5%         N/A       100%        6
 Dragon Form              Tmut           5%         N/A       100%        7
 Malign Gateway           Summ/Tloc      5%         N/A       100%        7
 Disjunction              Tloc           5%         N/A       100%        8
 Summon Horrible Things   Summ           5%         N/A       100%        8
 Dragon's Call            Summ           5%         N/A       100%        9


Dungeon Overview and Level Annotations

Branches:
Dungeon (10/15)            Temple (1/1) D:5            Lair (5/5) D:8
 Shoals (0/4) Lair:3       Spider (0/4) Lair:2        Slime (1/5) Lair:4
    Orc (0/2) D:10        Gauntlet (visited)

Altars:
Ashenzari
Cheibriados
Dithmenos
Elyvilon
Fedhas
Gozag
Hepliaklqana
Kikubaaqudgha
Makhleb
Nemelex Xobeh
Okawaru
Qazlal
Ru
Sif Muna
Trog
Uskayaw
Vehumet
Wu Jian
Xom
Yredelemnul
Zin
The Shining One

Shops:
D:1 *:**   D:2 =   D:7 ?

Annotations:
Lair:2 exclusion: oklob plant


Innate Abilities, Weirdness & Mutations

You have a beak for a mouth.
You have claws for feet.
Your magical nature lets you fly swiftly and evasively.


Message History

Aim: a fire dragon (severely wounded, empty space bonus: 5/8)
You feel a surge of power!
The air twists around and strikes the fire dragon!
The fire dragon is almost dead.
The fire dragon breathes flames at you.
The blast of flame hits the plant!
The plant begins to die.
The blast of flame hits you!!!
Unknown command.
Casting: Airstrike (safe; 1% risk of failure)
Confirm with . or Enter, or press ? or * to list all spells.
Aiming: Airstrike (safe; 1% risk of failure)
Press: ? - help, Dir - move target, f/p - fire dragon
Aim: a fire dragon (almost dead, catching its breath, empty space bonus: 5/8)
You feel a surge of power!
The air twists around and strikes the fire dragon!
The fire dragon is almost dead.
Unknown command.
Unknown command.
Casting: Airstrike (safe; 1% risk of failure)
Confirm with . or Enter, or press ? or * to list all spells.
You don't have enough magic to cast this spell.
Unknown command.
Unknown command.
Unknown command.
Casting: Airstrike (safe; 1% risk of failure)
Confirm with . or Enter, or press ? or * to list all spells.
You don't have enough magic to cast this spell.
Unknown command.
Unknown command.
Unknown command.
Casting: Airstrike (safe; 1% risk of failure)
Confirm with . or Enter, or press ? or * to list all spells.
You don't have enough magic to cast this spell.
Unknown command.
Unknown command.
A nearby plant withers and dies.
The fire dragon breathes flames at you. The blast of flame hits you!!!
Ouch! That really hurt!
You die...

♣~.≈~♣♣ ♣♣~. #.. ♣~.~~♣♣
♣P.≈~ #.. ♣...~~♣♣
♣♣.~≈.. ♣♣ #..
♣♣♣..~~♣♣♣.P≈. ♣.♣ #..
♣♣..D≈~~.≈♣ ♣♣..♣ ##..
♣...~♣~~≈♣♣ .... #...
♣♣.....♣~~♣♣†. ♣#...
♣♣..♣..♣~~≈♣♣♣♣♣♣....
♣♣♣@..♣♣~†~.♣~......
♣♣.P..♣≈~≈..~~♣...
♣♣♣♣.♣.♣~.♣♣~~...
♣♣♣♣♣♣♣♣♣♣...# ♣..#.
#####################...
##.......................
#..P#......#..###........
#P.####....#.## #........


You could see a fire dragon (catching breath).

Vanquished Creatures
  A minotaur (Gauntlet)
  4 hydras
  A catoblepas (Lair:1)
  Erica (Lair:1)
  A centaur warrior (D:9)
  3 death yaks (Lair:5)
  Nergalle (Lair:1)
  A skyshark (Lair:5)
  A skeletal warrior (D:9)
  A swamp dragon (Lair:5)
  Pikel (D:9)
  A manticore (D:9)
  9 elephants
  A wolf spider (Lair:5)
  8 black mambas
  A guardian serpent (Lair:5)
  17 cane toads
  A torpor snail (Lair:1)
  2 rime drakes
  An unseen horror (D:10)
  9 komodo dragons
  A merfolk (Lair:3)
  A troll (D:9)
  3 hornets
  3 polar bears
  Grinder (D:4)
  A dream sheep (Lair:3)
  A vampire (D:10)
  6 flying skulls (Gauntlet)
  Eustachio (D:5)
  12 wyverns
  33 yaks
  6 steam dragons
  3 fire bats (Gauntlet)
  4 basilisks
  2 acid dragons
  24 water moccasins
  3 orc warriors
  4 black bears
  10 wolves
  A centaur (D:8)
  A phantom (D:5)
  4 lemures (D:7)
  3 kobold brigands
  Blork the orc (D:5)
  11 bullfrogs
  3 wights (D:8)
  7 scorpions
  5 howler monkeys
  3 electric eels
  14 jellies
  2 hounds
  2 gnoll boudas
  2 orc priests
  4 iguanas
  A sleepcap (D:6)
  5 orc wizards
  7 hell rats (Lair:1)
  Robin (D:2)
  9 adders
  5 gnolls (D:6)
  An ufetubus (D:4)
  8 worms
  7 dart slugs
  30 orcs
  7 ball pythons
  2 bats (D:1)
  7 endoplasms
  6 giant cockroaches
  12 goblins
  15 hobgoblins
  3 jackals
  20 kobolds
  6 quokkas
  4 frilled lizards
  9 rats
413 creatures vanquished.

Vanquished Creatures (others)
  A butterfly (D:5)
1 creature vanquished.

Grand Total: 414 creatures vanquished

Notes
Turn   | Place    | Note
-------+----------+-------------------------------------------
     0 | D:1      | OrthodoxDeviant the Tengu Air Elementalist began the quest
                  | for the Orb.
     0 | D:1      | Reached XP level 1. HP: 10/10 MP: 4/4
   157 | D:1      | Reached XP level 2. HP: 15/15 MP: 4/6
   371 | D:1      | Found Yket's Assorted Antiques.
   698 | D:1      | Reached XP level 3. HP: 19/19 MP: 2/7
  1125 | D:1      | Reached skill level 5 in Air Magic
  1239 | D:1      | Found Qimomad's Book Boutique.
  1529 | D:1      | Found Jammez's General Store.
  1545 | D:1      | Bought a scroll of identify for 20 gold pieces
  1642 | D:1      | Found Xijyhan's Assorted Antiques.
  1813 | D:2      | Found an ancient bone altar of Kikubaaqudgha.
  1852 | D:2      | Noticed Robin
  2217 | D:2      | Reached XP level 4. HP: 24/24 MP: 6/8
  2717 | D:2      | Found Qeureiz's Jewellery Shop.
  3057 | D:2      | Learned a level 2 spell: Static Discharge
  3061 | D:2      | Learned a level 3 spell: Swiftness
  3090 | D:3      | Found a hide-covered altar of Uskayaw.
  3335 | D:3      | Gained mutation: Your magical nature lets you fly swiftly
                  | and evasively. [Tengu growth]
  3335 | D:3      | Reached XP level 5. HP: 28/28 MP: 6/10
  3420 | D:3      | Reached skill level 6 in Air Magic
  3992 | D:4      | Learned a level 4 spell: Airstrike
  4107 | D:4      | Noticed Grinder
  4381 | D:4      | Reached XP level 6. HP: 32/32 MP: 5/11
  4574 | D:4      | Noticed a black bear
  4623 | D:4      | Paralysed by Grinder for 2 turns
  4633 | D:4      | Killed Grinder
  4634 | D:4      | Reached skill level 7 in Air Magic
  4708 | D:4      | Reached XP level 7. HP: 36/36 MP: 7/13
  5284 | D:5      | Entered Level 5 of the Dungeon
  5317 | D:4      | Reached skill level 8 in Air Magic
  5393 | D:5      | Found a white marble altar of Elyvilon.
  5603 | D:5      | Reached skill level 5 in Conjurations
  5840 | D:5      | Found a staircase to the Ecumenical Temple.
  5871 | Temple   | Entered the Ecumenical Temple
  5955 | D:5      | Found a broken altar of Ashenzari.
  6231 | D:5      | Noticed Eustachio
  6383 | D:5      | Killed Eustachio
  6384 | D:5      | Reached skill level 9 in Air Magic
  6384 | D:5      | Reached XP level 8. HP: 41/41 MP: 0/16
  6736 | D:5      | Noticed Blork the orc
  7213 | D:5      | Killed Blork the orc
  7214 | D:5      | Reached skill level 10 in Air Magic
  7455 | D:6      | Identified a scroll of acquirement
  7456 | D:6      | Acquired 885 gold pieces
  7484 | D:6      | Reached skill level 5 in Spellcasting
  8209 | D:6      | Reached skill level 11 in Air Magic
  8506 | D:2      | Killed Robin
  8595 | D:1      | Bought a heavily runed leather armour for 210 gold pieces
  8595 | D:1      | Identified the +2 leather armour "Cucuyk" {rC+ Dex+3} (You
                  | bought it in a shop on level 1 of the Dungeon)
  8595 | D:1      | Bought a yellow potion for 27 gold pieces
  8595 | D:1      | Bought a scroll labelled HOATOU RENTOEP for 30 gold pieces
  8595 | D:1      | Bought a scroll labelled TIBEFY PEETE for 30 gold pieces
  8665 | D:1      | Bought a potion of curing for 69 gold pieces
  8665 | D:1      | Bought a scroll labelled REMI ZOHOREMN for 23 gold pieces
  8665 | D:1      | Bought a fuming white potion for 20 gold pieces
  8665 | D:1      | Bought a scroll labelled FEGOUXECZA for 23 gold pieces
  8665 | D:1      | Bought a scroll of teleportation for 69 gold pieces
  8887 | D:7      | Found an opulent altar of Gozag.
  8954 | D:7      | Found a hazy altar of Hepliaklqana.
  8979 | D:7      | Reached skill level 1 in Shields
  9216 | D:7      | Reached XP level 9. HP: 45/45 MP: 10/18
  9519 | D:7      | Reached skill level 12 in Air Magic
 10039 | D:7      | Noticed Pikel
 10186 | D:7      | Found Qikuor's Magic Scroll Shoppe.
 10527 | D:7      | Bought a scroll of magic mapping for 82 gold pieces
 10527 | D:7      | Bought a scroll of blinking for 82 gold pieces
 10527 | D:7      | Bought a scroll of identify for 22 gold pieces
 10527 | D:7      | Bought a scroll of identify for 22 gold pieces
 10527 | D:7      | Bought a scroll of teleportation for 33 gold pieces
 11064 | D:8      | Reached skill level 13 in Air Magic
 11630 | D:8      | Noticed a komodo dragon
 11710 | D:8      | Reached XP level 10. HP: 50/50 MP: 9/21
 12027 | D:8      | Reached skill level 14 in Air Magic
 12398 | D:8      | Acquired a staff of air
 12409 | D:8      | Learned a level 5 spell: Arcjolt
 12414 | D:8      | Found a staircase to the Lair.
 13247 | D:9      | Noticed a manticore
 13290 | D:9      | Noticed a skeletal warrior
 13484 | D:9      | Reached skill level 5 in Shields
 13623 | D:9      | Found a shimmering altar of Xom.
 13841 | D:9      | Killed Pikel
 13957 | D:9      | Found a bloodstained altar of Trog.
 14039 | D:9      | Killed a manticore
 14243 | D:9      | Reached skill level 15 in Air Magic
 14428 | D:9      | Found a sparkling altar of Nemelex Xobeh.
 14430 | D:9      | Noticed a centaur warrior
 14433 | D:9      | Killed a centaur warrior
 14434 | D:9      | Reached skill level 1 in Armour
 14755 | D:9      | Killed a skeletal warrior
 14756 | D:9      | Reached XP level 11. HP: 54/54 MP: 0/23
 15042 | D:10     | Entered Level 10 of the Dungeon
 15120 | D:10     | Found an ancient bone altar of Kikubaaqudgha.
 15333 | D:10     | Found a stormy altar of Qazlal.
 15336 | D:10     | Found a radiant altar of Vehumet.
 15347 | D:10     | Became a worshipper of Vehumet
 15412 | D:10     | Found a snail-covered altar of Cheibriados.
 15589 | D:10     | Found a staircase to the Orcish Mines.
 16022 | D:10     | Found a blossoming altar of Fedhas.
 16269 | D:1      | Bought a knobbly ivory ring for 115 gold pieces
 16432 | Lair:1   | Entered Level 1 of the Lair of Beasts
 16555 | Lair:1   | Reached skill level 16 in Air Magic
 16701 | Lair:1   | Noticed a catoblepas
 16723 | Lair:1   | Killed a catoblepas
 17300 | Lair:1   | Identified the +1 robe of the Jolly Beds {Dex+4}
 17327 | Lair:1   | Noticed Nergalle
 17620 | Lair:1   | Reached skill level 5 in Dodging
 17803 | Lair:1   | Killed Nergalle
 17955 | Lair:1   | Noticed Erica
 18000 | Lair:1   | Killed Erica
 18001 | Lair:1   | Reached skill level 5 in Armour
 18001 | Lair:1   | Reached XP level 12. HP: 59/59 MP: 21/25
 18324 | Lair:2   | Reached * piety under Vehumet
 18324 | Lair:2   | Offered knowledge of Kiss of Death by Vehumet.
 18354 | Lair:2   | Found a gate leading to a gauntlet.
 18429 | Gauntlet | Entered a Gauntlet
 18429 | Gauntlet | Found a transporter.
 18530 | Gauntlet | Found a transporter.
 18532 | Gauntlet | Found a transporter.
 18543 | Gauntlet | Found a transporter.
 18546 | Gauntlet | Found a transporter.
 18551 | Gauntlet | Noticed an entropy weaver
 18557 | Gauntlet | Found a transporter.
 18575 | Gauntlet | Found a transporter.
 18586 | Gauntlet | Found a transporter.
 18598 | Gauntlet | Found a transporter.
 18599 | Gauntlet | Found a runed translucent door.
 18613 | Gauntlet | Found a runed translucent door.
 18617 | Gauntlet | Found a transporter.
 18631 | Gauntlet | Found a transporter.
 18633 | Gauntlet | Found a transporter.
 18679 | Gauntlet | Found a transporter.
 18693 | Gauntlet | Found a transporter.
 18785 | Gauntlet | Reached skill level 17 in Air Magic
 19073 | Gauntlet | Identified the ring "Xebrik" {Drain rN+ Str+3 Dex+6}
 19103 | Gauntlet | Noticed a minotaur
 19649 | Gauntlet | Killed a minotaur
 19650 | Gauntlet | Reached skill level 10 in Conjurations
 19760 | Gauntlet | Identified the +0 chain mail of Undesirable Species {-Tele
                  | Harm Dex+5}
 20341 | Lair:2   | Reached ** piety under Vehumet
 20368 | Lair:2   | Offered knowledge of Scorch by Vehumet.
 20754 | Lair:2   | Reached skill level 10 in Spellcasting
 21148 | Lair:2   | Found a hole to the Spider Nest.
 21520 | Lair:2   | Offered knowledge of Mephitic Cloud by Vehumet.
 21674 | Lair:2   | Found the +8 whip "Snakebite" {venom, curare, rPois}
 21947 | Lair:3   | Reached skill level 18 in Air Magic
 22203 | Lair:3   | Reached XP level 13. HP: 63/63 MP: 28/28
 22417 | Lair:3   | Reached skill level 1 in Fighting
 22843 | Lair:3   | Reached *** piety under Vehumet
 23419 | Lair:3   | Learned a level 6 spell: Plasma Beam
 23657 | Lair:3   | Reached skill level 1 in Fire Magic
 23747 | Lair:3   | Found a staircase to the Shoals.
 24599 | Lair:4   | Reached skill level 19 in Air Magic
 24892 | Lair:4   | Found a staircase to the Slime Pits.
 25429 | Lair:5   | Entered Level 5 of the Lair of Beasts
 25445 | Slime:1  | Entered Level 1 of the Pits of Slime
 25445 | Slime:1  | Noticed an acid blob
 25881 | Lair:5   | Offered knowledge of Dazzling Flash by Vehumet.
 26411 | Lair:5   | Reached skill level 5 in Fighting
 26411 | Lair:5   | Reached skill level 5 in Fire Magic
 27087 | Lair:5   | Reached XP level 14. HP: 78/78 MP: 25/29
 27106 | Lair:5   | Reached **** piety under Vehumet
 27635 | Lair:5   | Offered knowledge of Fireball by Vehumet.
 27727 | Lair:5   | Learned a level 5 spell: Fireball
 28361 | Lair:5   | Killed from afar by a fire dragon

Illustrated notes

Levels and vault maps discovered:
D:1:      dpeg_arrival_central, layout_loops_corners, serial_shops,
          nicolae_shop_just_a_little_nook, nicolae_shop_pleasant_corner_grove,
          nicolae_shop_window_shopping, nicolae_shop_just_a_little_nook
D:2:      layout_basic, serial_shops, shop, basic_altar, uniq_robin
D:3:      minmay_recursive_quarters, layout_rooms,
          eat_drink_and_be_merry_uskayaw
D:4:      layout_basic, minmay_manual_mandibuliform, uniq_grinder
D:5:      layout_loops_corners, nicolae_elyvilon_peaceful_grove,
          kennysheep_mini_moat, minmay_temple_entry_enclosed_plants,
          uniq_eustachio, uniq_blork_the_orc
D:6:      layout_rooms
D:7:      layout_loops_ring, mainiacjoe_overflow_alcove_1,
          mainiacjoe_overflow_surrounded_room, serial_shops, shop, uniq_pikel
D:8:      layout_basic, grunt_lair_entry_orc_guard_hut
D:9:      minmay_tri_box, layout_loops_ring, kennysheep_mini,
          lemuel_coloured_pillars_altar, nemelex_xobeh_ov_fountains_minmay
D:10:     layout_long_grid, kennysheep_little_box, kennysheep_slug_shrine,
          grunt_temple_overflow_open, orc_0_dummy
Temple:   hellmonk_temple_rainy
Lair:1:   layout_misc_corridors, grunt_megastairs_5, uniq_nergalle, uniq_erica
Lair:2:   minmay_guarded_unrand_snakebite, layout_gridlike,
          nicolae_spider_entry_non_spiders, gauntlet_entry_generic,
          wad_woods_river_02, grunt_megastairs_4
Lair:3:   beargit_carnivore_pack, layout_chaotic_city, elwin_shoals_entry_rooms,
          dreamdust_gnoll_shepherd
Lair:4:   layout_roguey, minmay_slime_entry_jelly_boxes, patterned_corridor
Lair:5:   hangedman_lair_tendril_chambers, layout_small_grid,
          guppyfry_lair_end_dragon
Slime:1:  layout_caves

Skill      XL: |  1  2  3  4  5  6  7  8  9 10 11 12 13 14 |
---------------+-------------------------------------------+-----
Conjurations   | 2 3 4 5 6 9 12 | 12.9
Air Magic      | 5 6 7 9 11 13 15 16 18 19 | 19.9
Spellcasting   | 3 4 5 6 7 8 10 | 10.0
Shields        | 1 4 5 |  5.0
Armour         | 2 5 |  5.0
Dodging        | 3 5 |  5.0
Fighting       | 5 |  5.0
Fire Magic     | 6 8 |  8.6
Stealth        | |  2.0

Action                     |  1- 3 |  4- 6 |  7- 9 | 10-12 | 13-15 || total
---------------------------+-------+-------+-------+-------+-------++-------
  Melee: Staff             |       |       |       |    15 |       ||    15
         Peck              |       |       |       |     3 |       ||     3
         Kick              |       |       |       |     6 |       ||     6
   Cast: Shock             |    85 |   130 |   140 |    74 |       ||   429
         Static Discharge  |       |     1 |     2 |    20 |       ||    23
         Airstrike         |       |       |    79 |   244 |   234 ||   557
         Swiftness         |       |       |     2 |       |       ||     2
         Arcjolt           |       |       |       |    13 |     4 ||    17
         Plasma Beam       |       |       |       |       |     7 ||     7
    Use: Scroll            |     2 |     4 |     9 |    10 |       ||    25
 Armour: Robe              |     1 |     2 |     5 |       |       ||     8
         Leather armour    |       |       |     2 |    16 |     3 ||    21
  Dodge: Dodged            |     3 |     8 |    28 |    74 |    14 ||   127
  Block: Buckler           |       |       |     9 |    61 |    17 ||    87
         Reflection        |       |       |       |     3 |       ||     3
